 Dungeon Crawl Stone Soup version 0.17-a0-1562-g9b2c768 (webtiles) character file.

60 orochimarko the Grave Robber (level 3, -2/24 HPs)
             Began as a Mummy Necromancer on July 17, 2015.
             Slain by a gnoll
             ... wielding a +0 flail
              (12 damage)
             ... on level 3 of the Dungeon on July 20, 2015.
             The game lasted 00:33:51 (2402 turns).

orochimarko the Grave Robber (Mummy Necromancer)    Turns: 2402, Time: 00:33:51

Health: -2/24      AC:  3    Str: 11    XL:     3   Next: 82%
Magic:  5/6        EV:  6    Int: 15    God:
Gold:   102        SH:  0    Dex: 12    Spells: 2 memorised, 5 levels left

rFire  x . .     SeeInvis .     o - +0 hunting sling
rCold  + . .     Clarity  .     h - +0 leather armour
rNeg   + + +     SustAt   .     (no shield)
rPois  ∞         Gourm    .     (no helmet)
rElec  .         Spirit   .     (no cloak)
rCorr  .         Warding  .     (no gloves)
rMut   .         Stasis   .     (no boots)
MR     .....                    (no amulet)
Stlth  ++........               (no ring)
                                (no ring)

@: not resistant to hostile enchantments, unstealthy
A: no food or potions, fire vulnerability, cold resistance 1, negative energy
resistance 3, torment resistance, unbreathing
a: no special abilities


You were on level 3 of the Dungeon.
You were not hungry.

You visited 1 branch of the dungeon, and saw 3 of its levels.

You collected 102 gold pieces.

Inventory:

Hand weapons
 e - a +0 short sword
 k - a +0 dagger
 n - a +0 dagger
 o - a +0 hunting sling (weapon)
 p - a +0 short sword of flaming
Missiles
 d - 37 arrows
 f - 169 stones (quivered)
Armour
 a - a +0 robe
 h - a +0 leather armour (worn)
Jewellery
 l - an uncursed amulet of warding
 m - a cursed amulet of inaccuracy
Scrolls
 c - a scroll of identify
 g - 4 scrolls of fear {unknown}
 i - a scroll of remove curse
 j - a scroll of enchant weapon {unknown}
 q - a scroll of immolation {unknown}
Books
 b - a book of Necromancy

   Spells                             Type                      Level
   a - Pain                           Necromancy                   1
   b - Animate Skeleton               Necromancy                   1
   c - Vampiric Draining              Necromancy                   3
   d - Regeneration                   Charms/Necromancy            3
   e - Animate Dead                   Necromancy                   4
   f - Control Undead                 Necromancy                   4


   Skills:
 + Level 0.2 Fighting
 + Level 0.2 Armour
 + Level 1.8 Dodging
 + Level 1.8 Stealth
 + Level 2.6 Spellcasting
 + Level 4.7 Necromancy


You had 5 spell levels left.
You knew the following spells:

 Your Spells              Type           Power        Failure   Level  Hunger
a - Pain                  Necr           ###.         4%          1    N/A
b - Animate Skeleton      Necr           N/A          4%          1    N/A

Dungeon Overview and Level Annotations

Branches:
Dungeon (3/15)

Altars:


Innate Abilities, Weirdness & Mutations

You do not eat or drink.
Your flesh is vulnerable to fire.
You are immune to poison.
Your flesh is cold resistant.
You are immune to negative energy.
You are immune to unholy pain and torment.
You can survive without breathing.


Message History

You are very lightly contaminated with residual magic.
Nothing appears to happen.
You can't go down here!
The gnoll barely misses you.
You climb upwards.
There is a stone staircase leading down here.
You start resting.
Your magical contamination has completely faded away.
There is a stone staircase leading down here.
You can't go up here!
You climb downwards.
The gnoll shouts!
The gnoll closely misses you.
The gnoll hits you from afar with a halberd!
Ouch! That really hurt!
There is a stone staircase leading up here.
You can't go down here!
The gnoll hits you with a flail!
Ouch! That really hurt!
You die...

...### . ..[######...
#.####.#........
#.........###... ##
.######.#....(... .#
.....[......#....#.#
..#####g.#.##.)K...##
#.#####....##.......#...
.......@g.g....g.<......
#.###########)#....##.##
#........ #.###...## #
..... .....# (###.# #.
.#


You could see 3 gnolls.

Vanquished Creatures
  2 adders (D:2)
  A worm (D:2)
  2 giant geckos
  3 giant cockroaches
  5 hobgoblins
  2 quokkas
  A bat (D:2)
  A giant newt (D:3)
  3 goblins
  3 jackals (D:2)
  4 kobolds
  5 rats
32 creatures vanquished.

Vanquished Creatures (collateral kills)
  A hobgoblin (D:2)
  3 bats (D:2)
  A giant newt (D:1)
  3 goblins (D:2)
  A kobold (D:1)
9 creatures vanquished.

Grand Total: 41 creatures vanquished

Notes
Turn   | Place    | Note
--------------------------------------------------------------
     0 | D:1      | orochimarko the Mummy Necromancer began the quest for the Orb.
     0 | D:1      | Reached XP level 1. HP: 13/13 MP: 3/3
    42 | D:1      | Learned a level 1 spell: Animate Skeleton
   332 | D:1      | Reached XP level 2. HP: 14/19 MP: 0/5
  1285 | D:2      | Reached XP level 3. HP: 24/24 MP: 2/6
  2086 | D:2      | Upgraded the game from 0.17-a0-1534-gf98da79 to 0.17-a0-1562-g9b2c768
  2402 | D:3      | Slain by a gnoll

Vault maps used:
D:1:      minmay_arrival_diagonal_passages, serial_aquarium,
          aquarium_bridge_square, aquarium_window_1, aquarium_window_corridor_1,
          aquarium_view_2e
D:3:      nemelex_xobeh_ov_fountains_minmay

Action                   || total
-------------------------++-------
Melee: Unarmed           ||    12
       Short sword       ||     6
       Dagger            ||    12
 Fire: Hunting sling     ||     6
 Cast: Pain              ||    47
       Animate Skeleton  ||    21
  Use: Scroll            ||     3
